Map: Ever Dream LE

Players

MaxPax

  • Race: Protoss Protoss
  • League: Master
  • Spawn Location: 1:00

KingCobra - Winner!

  • Race: Protoss Protoss
  • Spawn Location: 7:00

Event: DreamHack SC2 Masters 2020 Fall

VOD

Have the link to the VOD?

Description

Time

  • Played on: Sept. 3, 2020, 11:19 a.m.
  • Length: 2:30

All games in this series

Show
View Real Time Build Order
Export as new Build Order

MaxPax Protoss 

Build Orders:  

Get SALT Encoding   

  12  0:00  Probe  
  13  0:12  Probe  
  14  0:17  Pylon  
  14  0:24  Probe  
  15  0:36  Probe  
  15  0:39  Gateway  
  16  0:47  Assimilator  
  16  0:48  Probe  
  17  1:00  Probe  
  18  1:06  Forge  
  18  1:19  Probe  
  18  1:24  Zealot (Chrono Boost)  
  19  1:32  Cybernetics Core  
  21  1:52  Photon Cannon  
  14  2:12  Photon Cannon  
Show
View Real Time Build Order
Export as new Build Order

KingCobra Protoss - Winner!

Build Orders: Cannon Rush 

Get SALT Encoding   

  12  0:00  Probe (Chrono Boost)  
  13  0:09  Probe (Chrono Boost)  
  14  0:19  Pylon  
  14  0:20  Probe  
  15  0:37  Forge  
  15  0:44  Gateway  
  15  0:57  Pylon  
  15  0:59  Pylon  
  15  1:00  Pylon  
  15  1:15  Photon Cannon  
  15  1:18  Pylon  
  15  1:19  Pylon  
  15  1:21  Pylon  
  15  1:40  Photon Cannon  
  14  1:48  Photon Cannon  
  14  1:52  Photon Cannon  
  14  1:59  Photon Cannon  
  14  2:03  Pylon  
  14  2:21  Photon Cannon  

Tags
 
Add a new tag
Caveats
  • Supply blocks, unpowered buildings, or Contaminate may cause inaccurate times.
  • Supply counts are checked every 10 seconds.